AoeStats
← dumbcube

Four Lakes

507885399Analyzed
1v1 RM · 11d ago on Sep 20, 2026· 53m 9s· 2 players
Game mode
Random Map
Map size
Tiny (2 player)
Population
200
Speed
Normal
Resources
Standard
Victory
Conquest
Starting age
Dark Age
Ending age
Imperial Age
RankedLock teamsTeams togetherTeam positionsShared explorationLock speedFull tech treeHidden civsTurbo modeCheats
Victory
Defeat
🇦🇺 Poles · Australia
681
+13
🇺🇸 Japanese · United States
623
-13
dumbcube
6:22 Loom
12:59 Feudal Age
15:11 Double-Bit Axe
15:31 Man-at-Arms
19:59 Forging
19:52 Scale Mail Armor
25:58 Castle Age
26:29 Pikeman
26:43 Elite Skirmisher
27:20 Fletching
28:06 Iron Casting
31:14 Padded Archer Armor
31:04 Gambesons
31:08 Arson
33:38 Bow Saw
36:11 Fishing Lines
38:20 Long Swordsman
39:23 Chain Mail Armor
39:43 Bloodlines
43:37 Ballistics
44:36 Murder Holes
47:15 Bodkin Arrow
53:14 Imperial Age
rickyhodson79
10:13 Feudal Age
11:38 Double-Bit Axe
13:56 Horse Collar
19:04 Stone Mining
24:17 Gold Mining
27:39 Forging
27:21 Fletching
27:42 Forging
30:23 Castle Age
29:43 Scale Barding Armor
30:57 Crossbowman
31:52 Thumb Ring
31:21 Crossbowman
31:24 Light Cavalry
32:05 Husbandry
32:16 Bloodlines
32:25 Loom
33:16 Wheelbarrow
34:26 Iron Casting
33:57 Padded Archer Armor
39:20 Iron Casting
39:50 Heavy Plow
40:05 Bow Saw
42:14 Thumb Ring
42:14 Bodkin Arrow
42:38 Scale Mail Armor
42:55 Leather Archer Armor
43:03 Chain Barding Armor
43:02 Leather Archer Armor
Connection lost

Rejoining the realm…

Still unreachable

The connection could not be restored.

Session expired

The server has moved on; the page needs a fresh start.